AZL
LOS ANGELES A (AZL) ANGELS @ OAKLAND (AZL) ATHLETICS
07/30/2098
 
TOP OF THE 1ST
Los Angeles A (AZL) Angels batting - Pitching for Oakland (AZL) Athletics : RHP Ben Meyer
Pitching: RHP Ben Meyer
Batting: RHB D.J. Billiet 0-0: Ball
1-0: Ground out 5-3 (Groundball, 56, EV 80.0 MPH)
Batting: RHB Taylor Clarke 0-0: Ball
1-0: Called Strike
1-1: Foul Ball, location: 5F
1-2: SINGLE (Line Drive, 6D, EV 98.1 MPH)
Batting: LHB Danny O'Rear 0-0: Ball
1-0: Swinging Strike
1-1: Foul Ball, location: 2F
1-2: Foul Ball, location: 2F
1-2: Ball
2-2: Foul Ball, location: 2F
2-2: Ball
3-2: SINGLE (Flyball, 3D, EV 89.4 MPH)
Taylor Clarke to second
Taylor Clarke to third
Batting: RHB Juan Thomas 0-0: Ball
1-0: Foul Ball, location: 2F
1-1: SINGLE (Groundball, 6MD, EV 102.5 MPH)
Taylor Clarke scores
Danny O'Rear to second
Batting: RHB Adrian Harris 0-0: Ball
1-0: Ball
2-0: Ball
3-0: Base on Balls
Danny O'Rear to third
Juan Thomas to second
Batting: LHB Tim Gillette 0-0: Ball
1-0: Grounds into double play, 4-6-3 (Groundball, 4, EV 106.9 MPH)
Top of the 1st over - 1 run, 3 hits, 0 errors, 2 left on base; Los Angeles A (AZL) 1 - Oakland (AZL) 0
BOTTOM OF THE 1ST
Oakland (AZL) Athletics batting - Pitching for Los Angeles A (AZL) Angels : RHP Jason Newman
Pitching: RHP Jason Newman
Batting: LHB Craig Svare 0-0: Called Strike
0-1: Ball
1-1: Called Strike
1-2: Strikes out swinging
Batting: LHB Jared Schoolcraft 0-0: Foul Ball, location: 2F
0-1: Ball
1-1: Ball
2-1: Ball
3-1: Called Strike
3-2: Ground out U3 (Groundball, 3, EV 68.8 MPH)
Batting: RHB Chris Martens 0-0: Ball
1-0: Foul Ball, location: 9LSF
1-1: Ball
2-1: SINGLE (Line Drive, 8LS, EV 85.0 MPH)
Batting: SHB Keith Lirette 0-0: Ball
1-0: Ball
2-0: Fielders Choice at 2nd, 5-4 (Groundball, 5L, EV 81.9 MPH)
Bottom of the 1st over - 0 runs, 1 hit, 0 errors, 1 left on base; Los Angeles A (AZL) 1 - Oakland (AZL) 0
TOP OF THE 2ND
Los Angeles A (AZL) Angels batting - Pitching for Oakland (AZL) Athletics : RHP Ben Meyer
Batting: RHB Kevin Barnett 0-0: Called Strike
0-1: Ground out 6-3 (Groundball, 6M, EV 103.8 MPH)
Batting: SHB Tyler Celeste 0-0: Ball
1-0: Ball
2-0: Foul Ball, location: 3FF
2-1: Called Strike
2-2: Fly out, F8 (Flyball, 8LM, EV 86.3 MPH)
Batting: RHB Brian Covington 0-0: Ball
1-0: Ground out 5-3 (Groundball, 56, EV 98.8 MPH)
Top of the 2nd over - 0 runs, 0 hits, 0 errors, 0 left on base; Los Angeles A (AZL) 1 - Oakland (AZL) 0
BOTTOM OF THE 2ND
Oakland (AZL) Athletics batting - Pitching for Los Angeles A (AZL) Angels : RHP Jason Newman
Batting: RHB Dave Autry 0-0: SINGLE (Groundball, 4MD, EV 110.0 MPH)
Batting: SHB Josh Hein 0-0: Fly out, F7 (Flyball, 7, EV 93.1 MPH)
Batting: RHB Gregory Field 0-0: Ball
1-0: Called Strike
1-1: Foul Ball, location: 2F
1-2: Ball
2-2: Foul Ball, location: 9LDF
2-2: Ball
3-2: Base on Balls
Dave Autry to second
Batting: RHB Paul Banfield 0-0: Ball
1-0: Ball
2-0: Ball
3-0: Base on Balls
Dave Autry to third
Gregory Field to second
Batting: RHB Danny Alarcon 0-0: Called Strike
0-1: Foul Ball, location: 23F
0-2: Foul Ball, location: 5DF
0-2: Ball
1-2: SINGLE (Groundball, 4D, EV 95.6 MPH)
Dave Autry scores
Gregory Field to third
Paul Banfield to second
Runner from 3rd tries for Home, SAFE, throw by RF to home
Batting: LHB Craig Svare 0-0: Ball
1-0: Grounds into double play, 4-6-3 (Groundball, 4, EV 86.9 MPH)
Bottom of the 2nd over - 2 runs, 2 hits, 0 errors, 1 left on base; Los Angeles A (AZL) 1 - Oakland (AZL) 2
TOP OF THE 3RD
Los Angeles A (AZL) Angels batting - Pitching for Oakland (AZL) Athletics : RHP Ben Meyer
Batting: RHB D.J. Billiet 0-0: Swinging Strike
0-1: Swinging Strike
0-2: Ball
1-2: Strikes out swinging
Batting: RHB Taylor Clarke 0-0: Called Strike
0-1: Ball
1-1: Ball
2-1: Foul Ball, location: 25FF
2-2: Strikes out swinging
Batting: LHB Danny O'Rear 0-0: Called Strike
0-1: Ball
1-1: Ball
2-1: Foul Ball, location: 2F
2-2: Strikes out swinging
Top of the 3rd over - 0 runs, 0 hits, 0 errors, 0 left on base; Los Angeles A (AZL) 1 - Oakland (AZL) 2
BOTTOM OF THE 3RD
Oakland (AZL) Athletics batting - Pitching for Los Angeles A (AZL) Angels : RHP Jason Newman
Batting: LHB Jared Schoolcraft 0-0: Foul Ball, location: 7LMF
0-1: Foul Ball, location: 5FF
0-2: Ball
1-2: Ball
2-2: Ball
3-2: Foul Ball, location: 2F
3-2: Foul Ball, location: 5F
3-2: Ground out 3-1 (Groundball, 34, EV 105.6 MPH)
Batting: RHB Chris Martens 0-0: Ball
1-0: Ball
2-0: Ball
3-0: Called Strike
3-1: Base on Balls
Batting: SHB Keith Lirette 0-0: Ball
1-0: Fly out, F9 (Flyball, 9LM, EV 90.6 MPH)
Batting: RHB Dave Autry 0-0: Swinging Strike
0-1: Ball
1-1: Ball
2-1: Swinging Strike
2-2: Foul Ball, location: 2F
2-2: Foul Ball, location: 2F
2-2: Strikes out looking
Bottom of the 3rd over - 0 runs, 0 hits, 0 errors, 1 left on base; Los Angeles A (AZL) 1 - Oakland (AZL) 2
TOP OF THE 4TH
Los Angeles A (AZL) Angels batting - Pitching for Oakland (AZL) Athletics : RHP Ben Meyer
Batting: RHB Juan Thomas 0-0: Called Strike
0-1: Called Strike
0-2: Ground out 6-3 (Groundball, 6, EV 85.0 MPH)
Batting: RHB Adrian Harris 0-0: Ball
1-0: Ball
2-0: Ball
3-0: Base on Balls
Batting: LHB Tim Gillette 0-0: Ball
1-0: Called Strike
1-1: Foul Ball, location: 7LSF
1-2: Strikes out swinging
Batting: RHB Kevin Barnett 0-0: Ball
1-0: Called Strike
1-1: Foul Ball, location: 2F
1-2: Ball
2-2: Ball
3-2: SINGLE (Line Drive, 7S, EV 107.5 MPH)
Adrian Harris to second
Adrian Harris to third
Batting: SHB Tyler Celeste 0-0: Called Strike
0-1: Ball
1-1: Ball
2-1: Swinging Strike
2-2: Strikes out swinging
Top of the 4th over - 0 runs, 1 hit, 0 errors, 2 left on base; Los Angeles A (AZL) 1 - Oakland (AZL) 2
BOTTOM OF THE 4TH
Oakland (AZL) Athletics batting - Pitching for Los Angeles A (AZL) Angels : RHP Jason Newman
Batting: SHB Josh Hein 0-0: Foul Ball, location: 2F
0-1: SINGLE (Groundball, 56, EV 87.5 MPH)
Batting: RHB Gregory Field 0-0: SINGLE (Groundball, 34D, EV 110.0 MPH)
Josh Hein to second
Runner from 2nd tries for 3rd, SAFE, throw by RF made to third
Batting: RHB Paul Banfield 0-0: Called Strike
0-1: Fly out, F8 (Flyball, 8RD, EV 103.8 MPH)
Batting: RHB Danny Alarcon 0-0: Foul Ball, location: 2RF
0-1: Ball
1-1: Ball
2-1: Foul Ball, location: 9LMF
2-2: Ball
3-2: Foul Ball, location: 9LDF
3-2: Fly out, F7 (Line Drive, 7LM, EV 75.0 MPH)
Runner from 3rd tags up, OUT at HOME! 7-2
Bottom of the 4th over - 0 runs, 2 hits, 0 errors, 1 left on base; Los Angeles A (AZL) 1 - Oakland (AZL) 2
TOP OF THE 5TH
Los Angeles A (AZL) Angels batting - Pitching for Oakland (AZL) Athletics : RHP Ben Meyer
Batting: RHB Brian Covington 0-0: Ball
1-0: Ball
2-0: Fly out, F7 (Flyball, 78M, EV 96.9 MPH)
Batting: RHB D.J. Billiet 0-0: Ball
1-0: Swinging Strike
1-1: Foul Ball, location: 2F
1-2: Strikes out swinging
Batting: RHB Taylor Clarke 0-0: Called Strike
0-1: Ball
1-1: Ball
2-1: Foul Ball, location: 7LSFF
2-2: Ground out 2-3 (Groundball, 2L, EV 71.9 MPH)
Top of the 5th over - 0 runs, 0 hits, 0 errors, 0 left on base; Los Angeles A (AZL) 1 - Oakland (AZL) 2
BOTTOM OF THE 5TH
Oakland (AZL) Athletics batting - Pitching for Los Angeles A (AZL) Angels : RHP Jason Newman
Batting: LHB Craig Svare 0-0: Fly out, F8 (Flyball, 8RM, EV 96.9 MPH)
Batting: LHB Jared Schoolcraft 0-0: DOUBLE (Groundball, 3L, EV 105.6 MPH)
Pitching: RHP Alex Zarate
Batting: RHB Chris Martens 0-0: Ball
1-0: Foul Ball, location: 2F
1-1: Foul Ball, location: 25F
1-2: Foul Ball, location: 2F
1-2: Ball
2-2: Fly out, F9 (Flyball, 9, EV 89.4 MPH)
Batting: SHB Keith Lirette 0-0: Ball
1-0: Ball
2-0: Called Strike
2-1: Ball
3-1: Swinging Strike
3-2: Strikes out looking
Bottom of the 5th over - 0 runs, 1 hit, 0 errors, 1 left on base; Los Angeles A (AZL) 1 - Oakland (AZL) 2
TOP OF THE 6TH
Los Angeles A (AZL) Angels batting - Pitching for Oakland (AZL) Athletics : RHP Ben Meyer
Pitching: LHP Steven Gooch
Pinch Hitting: RHB Randy Landry 0-0: Ball
1-0: Foul Ball, location: 2F
1-1: Ball
2-1: Foul Ball, location: 2F
2-2: Foul Ball, location: 23F
2-2: Ball
3-2: Foul Ball, location: 2F
3-2: Base on Balls
Batting: RHB Juan Thomas 0-0: Called Strike
0-1: Ball
1-1: Foul Ball, location: 2F
1-2: Strikes out swinging
Batting: RHB Adrian Harris 0-0: Called Strike
0-1: Called Strike
0-2: Foul Ball, location: 2F
0-2: Foul Ball, location: 2F
0-2: Strikes out looking
Pinch Hitting: RHB Allan Orr 0-0: Called Strike
0-1: Called Strike
0-2: Foul Ball, location: 2F
0-2: Ball
1-2: Strikes out looking
Top of the 6th over - 0 runs, 0 hits, 0 errors, 1 left on base; Los Angeles A (AZL) 1 - Oakland (AZL) 2
BOTTOM OF THE 6TH
Oakland (AZL) Athletics batting - Pitching for Los Angeles A (AZL) Angels : RHP Alex Zarate
Now at 1B: Randy Landry
Now in LF: Adrian Harris
Now in RF: Allan Orr
Batting: RHB Dave Autry 0-0: Called Strike
0-1: SINGLE (Groundball, 56D, EV 98.8 MPH)
Batting: SHB Josh Hein 0-0: Foul Ball, location: 5F
0-1: Ball
Dave Autry steals 2nd base
1-1: SINGLE (Flyball, 89S, EV 95.0 MPH)
Dave Autry to third
Batting: RHB Gregory Field 0-0: Ball
1-0: Ground out 5-3 (Groundball, 5, EV 85.0 MPH)
Josh Hein to second
Batting: RHB Paul Banfield 0-0: Ball
1-0: Ball
2-0: Ball
3-0: Called Strike
3-1: Swinging Strike
3-2: Strikes out swinging
Batting: RHB Danny Alarcon 0-0: Ball
1-0: Swinging Strike
1-1: Ground out 6-3 (Groundball, 6, EV 108.8 MPH)
Bottom of the 6th over - 0 runs, 2 hits, 0 errors, 2 left on base; Los Angeles A (AZL) 1 - Oakland (AZL) 2
TOP OF THE 7TH
Los Angeles A (AZL) Angels batting - Pitching for Oakland (AZL) Athletics : LHP Steven Gooch
Pinch Hitting: RHB Dave Blair 0-0: Called Strike
0-1: Foul Ball, location: 2F
0-2: Strikes out swinging
Batting: RHB Valentim Morato 0-0: TRIPLE (Flyball, 78XD, EV 87.5 MPH)
Batting: RHB Brian Covington 0-0: Called Strike
0-1: Foul Ball, location: 2F
0-2: Strikes out swinging
Batting: RHB D.J. Billiet 0-0: Foul Ball, location: 7LMF
0-1: Ball
1-1: SINGLE (Line Drive, 7LS, EV 90.6 MPH)
Valentim Morato scores
Pitching: RHP Sean Kontos
Pinch Hitting: LHB Ryan Tustin 0-0: DOUBLE (Line Drive, 7LS, EV 103.8 MPH)
D.J. Billiet to third
Pinch Hitting: LHB Chad Smith 0-0: Intentional Walk
Pinch Hitting: LHB Steve Scott 0-0: Ball
1-0: Foul Ball, location: 2F
1-1: Ball
2-1: Foul Ball, location: 25F
2-2: Ball
3-2: Strikes out looking
Top of the 7th over - 1 run, 3 hits, 0 errors, 3 left on base; Los Angeles A (AZL) 2 - Oakland (AZL) 2
BOTTOM OF THE 7TH
Oakland (AZL) Athletics batting - Pitching for Los Angeles A (AZL) Angels : RHP Alex Zarate
Pitching: LHP Andrew Dougherty
Now at 1B: Adrian Harris
Now at 2B: Blake Schlitt
Now at 3B: Luis Trevino
Now at SS: Mike Hooten
Now in LF: Dave Blair
Batting: LHB Craig Svare 0-0: Fly out, F7 (Flyball, 7, EV 96.9 MPH)
Pinch Hitting: RHB Eric Rizzotto 0-0: Ball
1-0: Ball
2-0: Ball
3-0: Called Strike
3-1: Foul Ball, location: 9LDF
3-2: Strikes out swinging
Pitching: LHP Fernando Luna
Batting: RHB Chris Martens 0-0: Called Strike
0-1: Ball
1-1: Ground out 6-3 (Groundball, 6, EV 100.6 MPH)
Bottom of the 7th over - 0 runs, 0 hits, 0 errors, 0 left on base; Los Angeles A (AZL) 2 - Oakland (AZL) 2
TOP OF THE 8TH
Los Angeles A (AZL) Angels batting - Pitching for Oakland (AZL) Athletics : RHP Sean Kontos
Now at 1B: Roberto Marquez
Batting: RHB Adrian Harris 0-0: Called Strike
0-1: Swinging Strike
0-2: Ball
1-2: Ball
2-2: Ball
3-2: Strikes out swinging
Pinch Hitting: LHB Bubba Pickering 0-0: Swinging Strike
0-1: Ball
1-1: Ball
2-1: Swinging Strike
2-2: Strikes out swinging
Batting: RHB Dave Blair 0-0: Swinging Strike
0-1: Called Strike
0-2: Strikes out swinging
Top of the 8th over - 0 runs, 0 hits, 0 errors, 0 left on base; Los Angeles A (AZL) 2 - Oakland (AZL) 2
BOTTOM OF THE 8TH
Oakland (AZL) Athletics batting - Pitching for Los Angeles A (AZL) Angels : LHP Fernando Luna
Now in RF: Carlos Aranda
Batting: SHB Keith Lirette 0-0: Ball
1-0: Swinging Strike
1-1: Ball
2-1: Ground out 6-3 (Groundball, 6, EV 89.4 MPH)
Batting: RHB Dave Autry 0-0: Ball
1-0: DOUBLE (Groundball, 5L, EV 106.3 MPH)
Batting: SHB Josh Hein 0-0: Intentional Walk
Pinch Hitting: RHB Eddie Siegal 0-0: Ball
1-0: Called Strike
1-1: Ball
2-1: Called Strike
2-2: Strikes out swinging
Pinch Hitting: SHB Andy Escalante 0-0: Ball
1-0: Called Strike
1-1: Fly out, F6 (Popup, 6M, EV 69.4 MPH)
Bottom of the 8th over - 0 runs, 1 hit, 0 errors, 2 left on base; Los Angeles A (AZL) 2 - Oakland (AZL) 2
TOP OF THE 9TH
Los Angeles A (AZL) Angels batting - Pitching for Oakland (AZL) Athletics : RHP Sean Kontos
Pitching: LHP Marco Gutierrez
Now at SS: Eddie Siegal
Now in RF: Andy Escalante
Batting: RHB Valentim Morato 0-0: Swinging Strike
0-1: Ball
1-1: Swinging Strike
1-2: Strikes out swinging
Pinch Hitting: RHB Travis Holton 0-0: Swinging Strike
0-1: Fly out, F8 (Flyball, 8RD, EV 102.5 MPH)
Batting: RHB D.J. Billiet 0-0: Called Strike
0-1: Fly out, F8 (Flyball, 8LXD, EV 99.4 MPH)
Top of the 9th over - 0 runs, 0 hits, 0 errors, 0 left on base; Los Angeles A (AZL) 2 - Oakland (AZL) 2
BOTTOM OF THE 9TH
Oakland (AZL) Athletics batting - Pitching for Los Angeles A (AZL) Angels : LHP Fernando Luna
Now at C: Maxim Kuijs
Pinch Hitting: LHB Willie Taylor 0-0: Ball
1-0: Swinging Strike
1-1: Ball
2-1: Foul Ball, location: 7LMF
2-2: Ball
3-2: Foul Ball, location: 2F
3-2: Fly out, F8 (Flyball, 89S, EV 89.4 MPH)
Batting: LHB Craig Svare 0-0: Ball
1-0: Fly out, F4 (Popup, 4D, EV 67.5 MPH)
Pinch Hitting: LHB Benito Nieto 0-0: Swinging Strike
0-1: Called Strike
0-2: Ball
1-2: Fly out, F8 (Flyball, 8LD, EV 101.9 MPH)
Bottom of the 9th over - 0 runs, 0 hits, 0 errors, 0 left on base; Los Angeles A (AZL) 2 - Oakland (AZL) 2
TOP OF THE 10TH
Los Angeles A (AZL) Angels batting - Pitching for Oakland (AZL) Athletics : LHP Marco Gutierrez
D.J. Billiet starts the inning at 2nd base.
Now at C: Danny Tavarez
Now at 1B: Willie Taylor
Batting: RHB Luis Trevino 0-0: Intentional Walk
Pinch Hitting: RHB Hector Castillo 0-0: Called Strike
0-1: Foul Ball, location: 2F
0-2: Ball
1-2: Fly out, F4 (Popup, 34, EV 65.6 MPH)
Pinch Hitting: RHB Brent Little 0-0: Called Strike
0-1: Swinging Strike
0-2: Ball
1-2: SINGLE (Groundball, P, EV 86.3 MPH) (infield hit)
D.J. Billiet to third
Luis Trevino to second
Batting: RHB Adrian Harris 0-0: Called Strike
0-1: Ball
1-1: Fly out, F8 (Flyball, 8RS, EV 89.4 MPH)
Pinch Hitting: RHB Joel Bradford 0-0: Ball
1-0: Swinging Strike
1-1: Foul Ball, location: 5F
1-2: Ball
2-2: Strikes out swinging
Top of the 10th over - 0 runs, 1 hit, 0 errors, 3 left on base; Los Angeles A (AZL) 2 - Oakland (AZL) 2
BOTTOM OF THE 10TH
Oakland (AZL) Athletics batting - Pitching for Los Angeles A (AZL) Angels : LHP Fernando Luna
Danny Tavarez starts the inning at 2nd base.
Now at 2B: Mario Hernandez
Now at SS: Brent Little
Now in CF: Hector Castillo
Now in RF: D.J. Billiet
Batting: RHB Chris Martens 0-0: Intentional Walk
Pitching: RHP Vinny Garza
Batting: SHB Keith Lirette 0-0: Grounds into double play, 6-4-3 (Groundball, 6, EV 100.6 MPH)
Danny Tavarez to third
Pinch Hitting: LHB Juan Arriola 0-0: Intentional Walk
Batting: SHB Josh Hein 0-0: Ball
1-0: Ball
2-0: Fielders Choice at 2nd, 6-4 (Groundball, 6, EV 89.4 MPH)
Bottom of the 10th over - 0 runs, 0 hits, 0 errors, 2 left on base; Los Angeles A (AZL) 2 - Oakland (AZL) 2
TOP OF THE 11TH
Los Angeles A (AZL) Angels batting - Pitching for Oakland (AZL) Athletics : LHP Marco Gutierrez
Mario Hernandez starts the inning at 2nd base.
Now in CF: Willie Castillo
Batting: RHB Dave Blair 0-0: Called Strike
0-1: Called Strike
0-2: Foul Ball, location: 7LSFF
0-2: Strikes out swinging
Batting: RHB Valentim Morato 0-0: Intentional Walk
Pinch Hitting: SHB Frank Anguiano 0-0: Foul Ball, location: 3F
0-1: Ball
1-1: Fielders Choice at 2nd, 2-6 (Groundball, 13S, EV 69.4 MPH)
Mario Hernandez to third
Pitching: LHP Aaron Guillot
Batting: RHB D.J. Billiet 0-0: SINGLE (Groundball, 4D, EV 103.8 MPH)
Mario Hernandez scores
Frank Anguiano to second
Runner from 2nd tries for 3rd, SAFE, throw by CF made to third
Batting: RHB Luis Trevino 0-0: Called Strike
0-1: Swinging Strike
0-2: Ball
1-2: Foul Ball, location: 2F
1-2: Ball
2-2: Strikes out looking
Top of the 11th over - 1 run, 1 hit, 0 errors, 2 left on base; Los Angeles A (AZL) 3 - Oakland (AZL) 2
BOTTOM OF THE 11TH
Oakland (AZL) Athletics batting - Pitching for Los Angeles A (AZL) Angels : RHP Vinny Garza
Josh Hein starts the inning at 2nd base.
Now at C: Rafael Perez
Batting: RHB Eddie Siegal 0-0: Ball
1-0: Ball
2-0: Called Strike
2-1: Swinging Strike
2-2: Strikes out swinging
Pinch Hitting: RHB Manny Hendricks 0-0: Ball
1-0: Called Strike
1-1: SINGLE (Groundball, 34D, EV 97.5 MPH)
Josh Hein to third
Throwing error, E9
Josh Hein scores
Manny Hendricks to second
Batting: LHB Willie Taylor 0-0: Ground out 6-3 (Groundball, 6, EV 86.9 MPH)
Batting: LHB Craig Svare 0-0: Intentional Walk
Pinch Hitting: LHB Josh Rackley 0-0: Ball
1-0: Ball
2-0: Called Strike
2-1: Swinging Strike
2-2: Strikes out swinging
Bottom of the 11th over - 1 run, 1 hit, 1 error, 2 left on base; Los Angeles A (AZL) 3 - Oakland (AZL) 3
TOP OF THE 12TH
Los Angeles A (AZL) Angels batting - Pitching for Oakland (AZL) Athletics : LHP Aaron Guillot
Luis Trevino starts the inning at 2nd base.
Now at C: Manny Hendricks
Now in RF: Josh Rackley
Batting: RHB Hector Castillo 0-0: Called Strike
0-1: Fly out, F6 (Line Drive, 6MD, EV 72.5 MPH)
Batting: RHB Brent Little 0-0: Ball
Wild Pitch!
Luis Trevino to third
1-0: SINGLE (Groundball, 56, EV 83.8 MPH)
Luis Trevino scores
Batting: RHB Adrian Harris 0-0: Ball
1-0: Foul Ball, location: 9LDF
1-1: SINGLE (Groundball, 6MD, EV 98.1 MPH)
Brent Little to second
Pinch Runner at 2nd Juan Barajas:
Batting: RHB Mario Hernandez 0-0: Swinging Strike
0-1: Foul Ball, location: 9LDF
0-2: Foul Ball, location: 3SF
0-2: Ball
1-2: Strikes out swinging
Batting: RHB Dave Blair 0-0: Foul Ball, location: 9LSF
0-1: SINGLE (Groundball, 6MD, EV 105.6 MPH) (infield hit)
Juan Barajas to third
Adrian Harris to second
Batting: RHB Valentim Morato 0-0: Ball
1-0: Called Strike
1-1: Foul Ball, location: 3F
1-2: Strikes out looking
Top of the 12th over - 1 run, 3 hits, 0 errors, 3 left on base; Los Angeles A (AZL) 4 - Oakland (AZL) 3
BOTTOM OF THE 12TH
Oakland (AZL) Athletics batting - Pitching for Los Angeles A (AZL) Angels : RHP Vinny Garza
Josh Rackley starts the inning at 2nd base.
Pitching: RHP Nick Gilmer
Now at SS: Danny Pacheco
Batting: RHB Chris Martens 0-0: DOUBLE (Flyball, 8LXD, EV 101.9 MPH)
Josh Rackley scores
Batting: SHB Keith Lirette 0-0: Intentional Walk
Pinch Hitting: LHB Ryan Horvath 0-0: Ball
1-0: Called Strike
1-1: Fly out, F7 (Flyball, 78M, EV 90.6 MPH)
Runner from 2nd tags up, SAFE at 3rd with throw by LF
Batting: SHB Josh Hein 0-0: Ball
1-0: SINGLE (Groundball, 4, EV 105.6 MPH) (infield hit)
Chris Martens scores
Bottom of the 12th over - 2 runs, 2 hits, 0 errors, 1 left on base; Los Angeles A (AZL) 4 - Oakland (AZL) 5
Thursday, April 11th , 2024 - OOTP Baseball 24.11 Build 85